cohdb
Replays
Latest Replays
All Replays
Popular Replays
Top Player Replays
Match Explorer
How It Works
Community
CoH3 Stats
Reddit
Sign in to upload your games and track your stats! →
Sign in with Steam
Match 45943745
Unlisted
Match 45943745
Overview
Messages
Build Orders
End
Construct Infanterie Kompanie
Selects Terror Battlegroup
Selects Heavy Gunnery
Grenadier Squad
Grenadier Squad
MG 42 Machine Gun Team
Construct Panzergrenadier Kompanie
Medical Station
251 Medium Carrier
Selects Defend the Fatherland
Pak 40 Anti-tank Gun Team
Pioneer Squad
Construct Panzer Kompanie
Stoßtruppen Squad
Panzer IV Medium Tank
Panzer Officer Quarters
Stoßtruppen Squad
Pioneer Squad
Panzer IV Medium Tank
Side Skirts
Pioneer Squad
Pak 40 Anti-tank Gun Team
Pioneer Squad
Pak 40 Anti-tank Gun Team
Repair Bunker
Selects King Tiger Heavy Tank
King Tiger Heavy Tank
Pioneer Squad
Pioneer Squad
Selects Contempt for the Weak
Pioneer Squad
Kampfstärke
民豪
Guernord
Zaterner
2nd infantry division
PIZZADAYO
Implacable
또황챠
0
0
Comments
sign in to comment!
No comments posted yet!